 Dungeon Crawl Stone Soup version 0.30.2 (webtiles) character file.

Game seed: 10979991558089619946

17 DrFunkyFeet the Digger (level 3, -3/26 HPs)
             Began as a Meteoran Earth Elementalist on Apr 13, 2024.
             Slain by Sigmund
             ... wielding a +0 scythe
              (10 damage)
             ... on level 2 of the Dungeon.
             The game lasted 00:02:37 (620 turns).

DrFunkyFeet the Digger (Meteoran Earth Elementalist) Turns: 620, Time: 00:02:37

Health: -3/26      AC:  2    Str:  9    XL:     3   Next: 2%
Magic:  3/8        EV: 12    Int: 19    God:
Gold:   49         SH:  0    Dex: 14    Spells: 3/7 levels left

rFire   . . .        e - +0 short sword
rCold   . . .        (no shield)
rNeg    . . .        a - +0 robe
rPois   .            (no helmet)
rElec   .            (no cloak)
rCorr   .            (no gloves)
SInv    .            (no boots)
Will    .....        (no amulet)
Stlth   +            (no ring)
HPRegen 0.24/turn    (no ring)
MPRegen 0.11/turn

%: no passive effects
@: glowing
A: sense surroundings 1, otherworldly, glowing, explore regen
a: no special abilities


You were on level 2 of the Dungeon.
You visited 1 branch of the dungeon, and saw 2 of its levels.

You collected 71 gold pieces.
You spent 22 gold pieces at shops.

Inventory:

Hand Weapons
 e - a +0 short sword (weapon)
Armour
 a - a +0 robe (worn)
Scrolls
 c - a scroll of teleportation
 g - 2 scrolls of identify {unknown}
Potions
 b - a potion of magic
 d - 2 potions of curing {unknown}
 f - a potion of haste {unknown}


   Skills:
 - Level 2.4 Dodging
 - Level 1.4 Stealth
 - Level 2.6 Spellcasting
 + Level 1.2 Transmutations
 + Level 4.7 Earth Magic


You had 3 spell levels left.
You knew the following spells:

 Your Spells              Type           Power      Damage    Failure   Level
a - Sandblast             Erth           40%        2d10      2%          1
b - Stone Arrow           Conj/Erth      22%        3d8       19%         3

Your spell library contained the following spells:

 Spells                   Type           Power      Damage    Failure   Level
 Passwall                 Tmut/Erth      10%        N/A       7%          2
 Petrify                  Tmut/Erth      13%        N/A       43%         4


Dungeon Overview and Level Annotations

Branches:
Dungeon (2/15) Zot: 568

Altars:

Shops:
D:1 *(:(

Annotations:
D:2 Sigmund


Innate Abilities, Weirdness & Mutations

You passively map a small area around you.
You are easily found by Zot.
You glow in the dark.
You regain HP and MP as you explore.


Message History

Press: ? - help, Shift-Dir - straight line, f - kobold
Aim: a kobold, wielding a +0 dagger (79% to hit)
The blast of sand hits the kobold.
You kill the kobold!
Unknown command.
Casting: Sandblast (safe; 2% risk of failure)
Confirm with . or Enter, or press ? or * to list all spells.
Aiming: Sandblast (safe; 2% risk of failure)
Press: ? - help, Shift-Dir - straight line, f - Sigmund
Aim: Sigmund, wielding a +0 scythe and wearing a +0 robe (81% to hit)
The blast of sand hits Sigmund!
Sigmund is moderately wounded.
Sigmund hits you from afar with a +0 scythe!
Unknown command.
Casting: Sandblast (safe; 2% risk of failure)
Confirm with . or Enter, or press ? or * to list all spells.
Aiming: Sandblast (safe; 2% risk of failure)
Press: ? - help, Shift-Dir - straight line, f/p - Sigmund
Aim: Sigmund, wielding a +0 scythe and wearing a +0 robe (moderately wounded, 81% to hit)
The blast of sand hits Sigmund.
Sigmund is heavily wounded.
Sigmund hits you from afar with a +0 scythe!
* * * LOW HITPOINT WARNING * * *
Casting: Sandblast (safe; 2% risk of failure)
Confirm with . or Enter, or press ? or * to list all spells.
Aiming: Sandblast (safe; 2% risk of failure)
Press: ? - help, Shift-Dir - straight line, f/p - Sigmund
Aim: Sigmund, wielding a +0 scythe and wearing a +0 robe (heavily wounded, 81% to hit)
The blast of sand hits Sigmund.
Sigmund is severely wounded.
Sigmund misses you.
Casting: Sandblast (safe; 2% risk of failure)
Confirm with . or Enter, or press ? or * to list all spells.
Aiming: Sandblast (safe; 2% risk of failure)
Press: ? - help, Shift-Dir - straight line, f/p - Sigmund
Aim: Sigmund, wielding a +0 scythe and wearing a +0 robe (severely wounded, 81% to hit)
The blast of sand hits Sigmund.
Sigmund is almost dead.
Sigmund hits you from afar with a +0 scythe!
You die...

,* ##..)....#.#*
* ##.....##.#
####### ##...##
# .....>.*
#####...#
#####.. *
#.....#.# * * ,
#.###...# , , *
#.# ##### ...
*####.###### *
... , ,
#@.@........ ...
*
....)....######.
* ## #..##......
, * ** #
######## * ** *
* ** , * , * , *
* , *, ,


You could see Sigmund.

Vanquished Creatures
  4 ball pythons (D:1)
  A bat (D:1)
  An endoplasm (D:1)
  A giant cockroach (D:1)
  3 hobgoblins (D:1)
  2 kobolds
  A quokka (D:1)
  A rat (D:2)
14 creatures vanquished.

Notes
Turn   | Place    | Note
-------+----------+-------------------------------------------
     0 | D:1      | DrFunkyFeet the Meteoran Earth Elementalist began the quest
                  | for the Orb.
     0 | D:1      | Reached XP level 1. HP: 14/14 MP: 5/5
    34 | D:1      | Reached skill level 4 in Earth Magic
    36 | D:1      | Reached XP level 2. HP: 20/20 MP: 2/6
    64 | D:1      | Found Nacif's Assorted Antiques.
    77 | D:1      | Bought a scroll labelled PUADES UN AKLETOK for 22 gold
                  | pieces
   276 | D:1      | Found Icost's Book Emporium.
   281 | D:1      | Found Poss's Weapon Emporium.
   437 | D:1      | Found Rogusuib's Weapon Emporium.
   501 | D:2      | Found a faded altar of an unknown god.
   561 | D:2      | Reached XP level 3. HP: 26/26 MP: 6/8
   565 | D:2      | Learned a level 3 spell: Stone Arrow
   614 | D:2      | Noticed Sigmund
   620 | D:2      | Slain by Sigmund

Illustrated notes

Levels and vault maps discovered:
D:1:      psy_arrival_whirlpool, layout_rooms, serial_shops, shop, shop,
          nicolae_shop_just_a_little_nook, nicolae_shop_tiny_real_fake_doors
D:2:      layout_loops_ring, shapermc_ecumenical_altar_flowoftime,
          nicolae_concentric_dashed_squares_mild, kennysheep_generic_room_4,
          uniq_sigmund, uniq_crazy_yiuf_cottage

Skill      XL: |  1 |
---------------+----+-----
Earth Magic    | 4 |  4.7
Dodging        | |  2.4
Stealth        | |  1.4
Spellcasting   | |  2.6
Transmutations | |  1.2

Action                     || total
---------------------------++-------
  Melee: Unarmed           ||     3
         Short sword       ||     1
   Cast: Sandblast         ||    21
    Use: Scroll            ||     3
 Armour: Robe              ||     4
  Dodge: Dodged            ||     5
